Map: Port Aleksander LE

Players

Seamonsta - Winner!

  • Race: Zerg Zerg
  • League: Diamond
  • Spawn Location: 11:00

FeedWhy

  • Race: Terran Terran
  • League: Diamond
  • Spawn Location: 5:00

VOD

Have the link to the VOD?

Description

Time

  • Played on: Feb. 3, 2019, 1:08 a.m.
  • Length: 34:19
Show
View Real Time Build Order
Export as new Build Order

Seamonsta Zerg - Winner!

Build Orders: Hatch First 

Get SALT Encoding   

  12  0:02  Drone  
  13  0:12  Overlord  
  13  0:18  Drone  
  14  0:30  Drone x2  
  16  0:50  Hatchery  
  16  0:53  Drone  
  16  0:57  Drone  
  16  1:00  Drone  
  18  1:11  Extractor  
  18  1:16  Spawning Pool  
  16  1:19  Drone  
  16  1:22  Drone  
  18  1:29  Drone  
  19  1:40  Overlord  
  19  2:02  Queen  
  19  2:03  Queen  
  19  2:05  Zergling x4  
  19  2:08  Drone  
  26  2:11  Metabolic Boost  
  26  2:26  Drone  
  26  2:27  Drone  
  28  2:33  Extractor  
  27  2:41  Queen  
  27  2:43  Overlord  
  30  2:46  Drone x2  
  30  2:48  Pneumatized Carapace  
  32  3:14  Hatchery  
  31  3:20  Queen  
  33  3:28  Overlord  
  33  3:30  Drone x3  
  36  3:35  Overlord  
  36  3:37  Zergling x6  
  39  3:48  Drone  
  39  3:49  Drone  
  39  3:54  Drone x2  
  43  4:01  Lair  
  43  4:02  Baneling Nest  
  42  4:08  Queen  
  44  4:14  Extractor  
  44  4:15  Drone x3  
  46  4:18  Zergling x2  
  47  4:40  Drone x3  
  47  4:41  Drone  
  47  4:42  Drone x2  
  47  4:43  Drone x3  
  56  4:50  Queen  
  58  4:53  Overlord  
  58  4:55  Drone x2  
  58  4:58  Centrifical Hooks  
  61  5:00  Zergling x2  
  61  5:04  Overseer  
  61  5:06  Baneling x2  
  61  5:07  Baneling  
  61  5:15  Spore Crawler  
  61  5:18  Zergling x2  
  61  5:19  Zergling x10  
  61  5:21  Baneling x3  
  65  5:41  Evolution Chamber  
  64  5:43  Spine Crawler  
  63  5:50  Zergling x10  
  63  5:51  Zergling x6  
  69  6:01  Zergling x20  
  67  6:25  Zerg Melee Weapons Level 1  
  67  6:30  Hydralisk Den, Drone x2  
  67  6:31  Drone x2  
  67  6:32  Extractor, Drone x2  
  71  6:35  Baneling x5, Hatchery  
  71  6:36  Overlord, Baneling  
  71  6:37  Overlord  
  71  6:38  Drone  
  71  6:39  Drone  
  72  6:43  Baneling  
  72  6:44  Baneling x2  
  72  6:45  Drone  
  73  6:55  Drone x6  
  63  7:10  Zergling x22  
  74  7:22  Zergling x2  
  75  7:23  Muscular Augments, Hydralisk x3  
  75  7:26  Zergling x6  
  75  7:29  Overseer  
  84  7:35  Overlord x2  
  84  7:40  Baneling x5  
  84  7:45  Drone x2  
  84  7:46  Drone x2  
  84  7:47  Spore Crawler  
  87  7:56  Drone x3  
  87  7:57  Spore Crawler  
  81  8:13  Zergling x16  
  75  8:28  Drone  
  75  8:29  Drone x7  
  83  8:42  Zergling x2  
  83  8:43  Zergling x12  
  83  8:45  Baneling x3  
  83  8:47  Drone  
  91  9:00  Zerg Melee Weapons Level 2  
  91  9:01  Zergling x2  
  91  9:02  Zergling x12  
  98  9:04  Drone x2  
  100  9:24  Zergling x4  
  100  9:25  Hydralisk x2, Zergling x10  
  100  9:28  Grooved Spines  
  111  9:32  Overlord  
  111  9:39  Overlord  
  111  9:42  Overseer  
  111  9:46  Zergling x2  
  111  9:50  Queen x2  
  111  9:51  Baneling x16  
  116  10:04  Extractor  
  116  10:05  Extractor  
  109  10:21  Hydralisk x2  
  109  10:22  Hydralisk x2  
  109  10:24  Baneling x2  
  109  10:25  Drone  
  109  10:27  Drone  
  119  10:30  Overlord, Drone x2  
  119  10:31  Drone  
  113  10:55  Zergling x2  
  113  10:56  Zergling x18  
  123  11:02  Drone x5  
  128  11:07  Zergling x2  
  128  11:08  Zergling x16  
  132  11:13  Zergling x6  
  132  11:17  Zerg Ground Armor Level 1  
  94  11:51  Zergling x6  
  94  11:52  Zergling x8  
  101  11:54  Drone  
  101  12:00  Zergling x2  
  101  12:01  Zergling x22  
  113  12:06  Drone x2  
  116  12:09  Infestation Pit, Drone  
  116  12:13  Spine Crawler  
  116  12:14  Spine Crawler  
  116  12:15  Spine Crawler  
  113  12:16  Spore Crawler  
  113  12:17  Spore Crawler, Drone x3  
  114  12:29  Hatchery  
  113  12:31  Hatchery  
  113  12:33  Drone  
  113  12:34  Drone  
  113  12:37  Overlord x2  
  114  12:38  Extractor, Drone  
  114  12:40  Drone  
  114  12:41  Spine Crawler, Drone x2  
  114  12:43  Spore Crawler  
  115  12:47  Hydralisk x6  
  127  12:51  Baneling  
  127  12:52  Baneling x5  
  127  12:59  Hive, Evolution Chamber  
  127  13:00  Overseer  
  126  13:07  Baneling  
  126  13:08  Baneling x8, Drone  
  126  13:11  Zerg Missile Weapons Level 1  
  127  13:19  Zergling x16  
  135  13:20  Hydralisk  
  137  13:35  Spine Crawler  
  137  13:37  Zergling x14  
  136  13:44  Hatchery  
  131  13:50  Zergling x2  
  131  13:51  Zergling x12  
  131  14:07  Drone  
  132  14:13  Drone x3  
  135  14:19  Ultralisk Cavern  
  135  14:22  Zerg Ground Armor Level 2  
  134  14:27  Drone x3  
  134  14:29  Spine Crawler  
  136  14:35  Drone  
  136  14:36  Queen x3  
  139  14:41  Baneling x3  
  139  14:42  Hydralisk x2, Baneling x6  
  142  14:45  Viper  
  142  14:49  Viper x2  
  151  14:57  Spine Crawler  
  151  14:58  Spine Crawler  
  151  14:59  Spine Crawler  
  148  15:00  Drone  
  149  15:19  Chitinous Plating  
  149  15:21  Ultralisk x2  
  161  15:24  Zergling x4  
  163  15:32  Zerg Melee Weapons Level 3  
  163  15:36  Overlord x4  
  163  15:55  Drone x3  
  163  15:56  Extractor  
  165  15:57  Extractor  
  162  16:21  Baneling x8  
  159  16:27  Ultralisk x4  
  174  16:37  Spore Crawler, Drone x2  
  174  16:39  Spore Crawler  
  168  16:40  Spore Crawler  
  161  16:47  Zergling x2  
  161  16:48  Zergling x18  
  161  16:53  Queen  
  171  16:59  Zergling x6  
  164  17:22  Zergling x24  
  173  17:30  Adrenal Glands  
  173  17:37  Drone x3  
  173  17:38  Drone  
  177  17:46  Zergling x8  
  177  17:48  Baneling x2  
  166  18:12  Unknown  
  159  18:16  Zergling x18  
  156  18:52  Zergling x18  
  165  19:20  Overlord x4  
  165  19:27  Hatchery  
  164  19:38  Queen x4  
  141  20:04  Zergling x30  
  99  20:21  Zergling x2  
  99  20:22  Zergling x14  
  80  20:34  Drone  
  81  20:50  Ultralisk x2  
  81  20:51  Ultralisk  
  81  20:54  Baneling x12  
  93  21:04  Viper x2  
  99  21:22  Drone x2  
  99  21:23  Drone x2  
  103  21:29  Ultralisk  
  109  21:36  Overseer  
  107  21:52  Drone  
  107  21:53  Drone x7  
  105  22:05  Zergling x6  
  107  22:19  Overseer  
  107  22:31  Drone  
  94  23:00  Ultralisk x2  
  94  23:02  Zergling x2  
  107  23:18  Spire  
  105  23:37  Overseer  
  105  23:46  Drone  
  103  24:04  Spore Crawler  
  99  24:23  Drone x2  
  101  24:31  Mutalisk x6  
  101  24:32  Mutalisk x6  
  125  24:43  Greater Spire  
  125  25:05  Corruptor x2  
  125  25:06  Corruptor x3  
  135  25:09  Baneling  
  135  25:10  Baneling x3  
  135  25:12  Baneling x2  
  133  25:31  Ultralisk  
  123  25:59  Zergling x22  
  123  26:00  Zergling x4  
  88  26:34  Zergling x4  
  88  26:35  Ultralisk x2  
  90  26:43  Corruptor  
  90  26:44  Corruptor  
  90  26:45  Drone  
  95  26:47  Drone x2  
  95  26:52  Baneling x6  
  97  26:57  Corruptor  
  99  27:02  Drone x2  
  101  27:13  Corruptor  
  99  27:21  Baneling x3  
  99  27:22  Baneling x3  
  98  27:27  Extractor  
  98  27:28  Extractor, Drone  
  98  27:29  Drone x5  
  102  27:54  Zergling x16  
  107  28:03  Zergling x2  
  107  28:04  Zergling x12  
  111  28:06  Baneling x3  
  111  28:07  Baneling  
  111  28:27  Corruptor x2  
  111  28:33  Baneling x3  
  115  28:45  Zergling x6  
  115  28:46  Zergling x14  
  92  29:11  Zergling x20  
  87  29:23  Zergling x16  
  89  29:27  Zergling x10  
  92  29:42  Baneling  
  92  29:43  Baneling x8  
  92  29:47  Extractor  
  92  29:51  Extractor  
  90  30:07  Ultralisk  
  90  30:09  Corruptor  
  98  30:15  Spine Crawler  
  98  30:19  Queen x2  
  101  30:22  Queen  
  103  30:34  Hatchery  
  103  30:35  Overlord  
  102  30:49  Hydralisk x2, Baneling x2  
  102  30:51  Corruptor x2  
  102  30:54  Zergling x4  
  112  30:57  Baneling x5  
  112  31:16  Corruptor x2  
  116  31:37  Corruptor  
  116  31:38  Corruptor  
  120  31:44  Overseer x2  
  120  31:55  Zergling x12  
  120  31:58  Corruptor  
  128  32:04  Drone x2  
  130  32:14  Corruptor x2  
  134  32:23  Queen x2  
  138  32:33  Corruptor x2  
  137  32:41  Overseer  
  137  32:54  Corruptor  
  121  33:11  Corruptor  
  121  33:12  Corruptor  
  115  33:13  Hatchery  
  106  33:24  Corruptor x2  
  104  33:42  Corruptor  
Show
View Real Time Build Order
Export as new Build Order

FeedWhy Terran 

Build Orders: Reaper Expand 

Get SALT Encoding   

  12  0:01  SCV  
  13  0:13  SCV  
  14  0:18  Supply Depot  
  14  0:25  SCV  
  15  0:40  Barracks, SCV  
  16  0:46  Refinery  
  16  0:52  SCV  
  17  1:04  SCV  
  18  1:16  SCV  
  19  1:28  Orbital Command  
  19  1:30  Reaper  
  20  1:51  Command Center  
  20  1:54  SCV  
  21  2:02  Supply Depot  
  21  2:05  Refinery  
  21  2:11  Factory  
  21  2:13  SCV  
  22  2:16  Refinery  
  22  2:29  SCV  
  23  2:30  Barracks Reactor  
  23  2:44  SCV  
  23  2:48  Supply Depot  
  24  2:56  Hellion  
  26  2:59  Starport  
  26  3:02  SCV  
  26  3:04  Orbital Command  
  27  3:28  SCV  
  27  3:29  Barracks Tech Lab, Supply Depot  
  27  3:33  Hellion x2  
  32  3:37  Medivac  
  32  3:40  SCV x2  
  36  3:50  Marine, Stimpack  
  36  3:52  SCV  
  38  3:56  Hellion  
  40  4:07  Barracks, Supply Depot, SCV x2  
  40  4:09  Starport Reactor  
  42  4:10  Marine  
  43  4:19  SCV x2  
  45  4:27  Hellion x2  
  45  4:29  Marauder  
  45  4:30  Liberator  
  51  4:32  SCV  
  51  4:33  SCV  
  53  4:38  Armory  
  53  4:44  Supply Depot, SCV  
  54  4:52  Hellion x2  
  61  4:55  Marine  
  61  4:58  Barracks Reactor  
  62  5:01  SCV x2  
  64  5:11  Barracks  
  64  5:13  Supply Depot  
  64  5:17  Marine  
  65  5:21  Hellion  
  65  5:22  Hellion  
  69  5:35  Marine  
  69  5:36  Marine x2, Medivac x2  
  69  5:39  SCV x2  
  78  5:44  Refinery  
  78  5:45  Refinery  
  78  5:49  Supply Depot  
  78  5:50  Supply Depot  
  78  5:53  Marine  
  78  5:54  Marine  
  80  6:03  Marine  
  75  6:05  Hellion x2  
  75  6:10  Liberator x2  
  73  6:11  Marauder  
  73  6:12  Marine  
  61  6:18  SCV x2  
  61  6:21  Marine  
  64  6:30  SCV  
  70  6:33  Supply Depot  
  70  6:35  Marine  
  70  6:36  Barracks, Marauder  
  70  6:39  Marine  
  74  6:40  Bunker, Barracks  
  74  6:46  Widow Mine x2  
  78  6:49  SCV x2  
  80  6:55  Bunker  
  69  7:01  SCV x2  
  66  7:09  Marine  
  66  7:10  Marine, Marauder  
  70  7:21  Medivac  
  72  7:27  Marine x2  
  74  7:31  Marauder  
  74  7:35  Barracks Reactor  
  74  7:36  Barracks Tech Lab  
  77  7:40  Supply Depot  
  77  7:41  Engineering Bay, Barracks Reactor  
  77  7:43  Supply Depot  
  76  7:45  Marine  
  76  7:50  SCV x2  
  79  7:53  Marauder  
  79  7:56  Hellion x2, Medivac x2  
  86  8:14  Marauder  
  86  8:19  Marine x5, Marauder  
  86  8:35  Hellion  
  86  8:36  Hellion, Marauder  
  86  8:37  Terran Infantry Weapons Level 1  
  86  8:40  Command Center, Marauder  
  94  8:42  Factory  
  94  8:45  Supply Depot  
  94  8:57  Marauder  
  94  8:59  Marine x2  
  94  9:01  Hellion x2  
  94  9:02  Marauder  
  104  9:18  Supply Depot, Marauder  
  104  9:20  Supply Depot, Medivac  
  104  9:21  Marine  
  104  9:22  Marine  
  104  9:23  Marauder  
  112  9:31  Factory Tech Lab, SCV x2  
  114  9:42  Supply Depot  
  114  9:44  Supply Depot  
  114  9:50  SCV x2  
  116  9:53  Medivac x2  
  120  10:00  Marine x2  
  120  10:01  Marauder  
  120  10:02  SCV  
  116  10:21  Liberator  
  116  10:22  Liberator, Planetary Fortress  
  116  10:26  SCV x2  
  118  10:38  SCV  
  119  10:56  SCV x2  
  121  11:02  Refinery, Supply Depot x2, Marine, Marauder  
  121  11:03  Missile Turret, Refinery, Infernal Pre-Igniter, Marauder  
  126  11:05  Terran Infantry Armor Level 1  
  126  11:10  Engineering Bay  
  122  11:24  Marauder  
  114  11:39  Marine x3, Marauder  
  117  11:45  Marauder  
  113  11:53  SCV  
  113  11:54  SCV x2  
  93  12:01  Marauder  
  95  12:05  Supply Depot  
  95  12:06  SCV  
  95  12:07  Marauder  
  96  12:20  Command Center  
  96  12:25  Missile Turret  
  96  12:27  SCV x3  
  96  12:28  Supply Depot  
  96  12:29  Marine x2  
  101  12:44  Supply Depot  
  101  12:52  Marauder  
  101  12:53  Marine x4, Marauder  
  109  13:12  Marine x2  
  110  13:13  Medivac x2  
  110  13:14  Marauder x2  
  110  13:15  Marine x4  
  110  13:17  Hellion x2  
  127  13:30  Marine x2  
  127  13:32  Siege Tank  
  127  13:33  Terran Infantry Armor Level 2  
  127  13:34  Terran Infantry Weapons Level 2  
  132  13:35  Marauder x2  
  136  13:43  Liberator x2  
  125  13:56  Marine  
  125  13:57  Marine x2, Marauder x2  
  125  13:58  Widow Mine x2  
  125  14:02  Orbital Command  
  132  14:18  Marauder  
  127  14:35  Orbital Command  
  125  14:42  Widow Mine x2  
  125  14:43  Widow Mine  
  125  14:44  Marine x2  
  125  14:45  Marine x6  
  138  14:52  SCV x3  
  142  14:54  Medivac  
  142  14:55  Medivac  
  146  15:00  Supply Depot  
  146  15:01  Supply Depot  
  146  15:02  Marine x4  
  146  15:03  Supply Depot, Marauder  
  146  15:04  SCV  
  153  15:15  Hellion, Widow Mine x2  
  159  15:21  Refinery, Missile Turret  
  159  15:22  Refinery  
  159  15:24  Medivac  
  159  15:25  Medivac  
  159  15:28  Supply Depot  
  163  15:31  Marine x2  
  163  15:32  Marine x2, Marauder x2  
  171  15:37  SCV x3  
  171  15:41  Marine x2  
  176  15:49  Marine  
  177  15:53  Marauder x2  
  181  15:57  Liberator x2  
  178  16:15  Siege Tank  
  172  16:19  Ghost Academy  
  172  16:22  Ghost Academy, Marine  
  172  16:23  Marine x5  
  174  16:37  Marine  
  174  16:38  Marauder  
  175  16:40  Marine x2  
  163  16:51  Marine  
  163  16:52  Marine, Siege Tank  
  156  16:55  Ghost Academy  
  156  16:57  Ghost Academy  
  158  17:05  Liberator x2  
  142  17:11  Ghost  
  142  17:14  Ghost  
  142  17:15  Personal Cloaking  
  142  17:16  Nuke  
  142  17:18  Terran Infantry Armor Level 3, Terran Infantry Weapons Level 3  
  139  17:25  Siege Tank  
  145  17:44  SCV x2  
  145  17:47  SCV x2  
  145  17:49  Starport x2  
  149  17:56  SCV  
  147  18:03  Liberator x2  
  117  18:21  Ghost x2  
  127  18:35  Starport Tech Lab x2  
  127  18:42  Nuke  
  127  18:43  Fusion Core, Nuke  
  127  18:44  Nuke  
  119  18:49  Liberator x2, Ghost x2  
  117  19:18  Ghost x2, Command Center  
  119  19:29  Siege Tank  
  122  19:36  Supply Depot  
  122  19:40  Nuke x2  
  122  19:46  Ghost x2  
  124  19:53  Command Center  
  109  20:15  Ghost x2  
  94  20:25  Marine x2  
  94  20:26  Marine x4  
  96  20:41  Battlecruiser  
  102  20:43  Marine x2  
  102  20:44  Marauder x2  
  108  21:06  Marauder x2  
  108  21:11  Marine x4  
  112  21:12  Marine x2, Orbital Command  
  118  21:19  Nuke  
  118  21:22  Siege Tank  
  118  21:23  Viking x2  
  125  21:27  Marauder x2  
  125  21:29  Marine  
  130  21:48  Ghost, Orbital Command, Marauder  
  130  21:50  Marine x2  
  130  21:51  Marine x3  
  139  21:56  Refinery  
  139  22:00  Refinery  
  139  22:06  Marine  
  139  22:08  Marine x2  
  140  22:09  Ghost  
  142  22:16  Ghost  
  142  22:22  Orbital Command  
  144  22:24  Liberator  
  144  22:36  Planetary Fortress  
  144  22:37  Ghost  
  147  22:45  Ghost  
  147  22:59  Supply Depot  
  147  23:01  Supply Depot  
  147  23:11  Ghost  
  149  23:13  Ghost  
  151  23:32  Liberator x2  
  151  23:39  Ghost  
  151  23:41  Command Center  
  153  23:43  Missile Turret  
  153  23:44  Ghost  
  161  23:59  Nuke  
  161  24:00  Nuke  
  161  24:01  Nuke  
  159  24:08  Ghost  
  160  24:13  Liberator x2  
  160  24:15  Liberator  
  165  24:41  Advanced Ballistics  
  165  24:55  Planetary Fortress  
  165  24:58  Command Center  
  165  25:03  Refinery  
  165  25:05  Refinery  
  165  25:06  Supply Depot  
  165  25:07  Supply Depot  
  165  25:18  Marine x4  
  166  25:23  Battlecruiser  
  148  26:09  Marine  
  148  26:10  Marine x5, Marauder x2  
  155  26:12  Viking x3  
  138  26:27  Marine, Viking  
  138  26:28  Marine  
  138  26:31  Marauder  
  138  26:32  Marauder  
  104  26:42  Marine x4  
  104  26:43  Battlecruiser  
  114  26:53  Marauder x2  
  118  26:55  Marine  
  118  26:57  Hellion x3  
  125  27:01  Battlecruiser  
  131  27:14  Marauder x2  
  133  27:18  Hellion x2  
  137  27:30  Missile Turret  
  137  27:35  Marauder  
  139  27:40  Marine x2  
  139  27:41  Viking x2, Marine, Marauder  
  139  27:42  Starport  
  148  27:46  Starport  
  148  27:51  Missile Turret  
  148  27:55  Marine x3  
  148  27:56  Hellion  
  148  27:57  Hellion, Siege Tank, Marauder  
  160  27:58  Marine x3  
  160  28:02  Marauder  
  163  28:13  Missile Turret  
  163  28:14  Battlecruiser  
  163  28:18  Marauder  
  171  28:20  Starport  
  171  28:24  Marauder  
  173  28:35  Battlecruiser  
  122  29:13  Marine x3, Marauder  
  122  29:14  Marine, Marauder  
  81  29:37  Starport Reactor, Starport Tech Lab  
  77  29:42  Marine x3  
  77  29:43  Marauder x2  
  77  29:44  Starport Tech Lab  
  84  29:53  Command Center  
  84  30:06  Viking x4  
  92  30:40  Battlecruiser  
  98  30:49  Battlecruiser  
  104  30:58  Liberator x4  
  104  31:06  Orbital Command  
  116  31:30  Orbital Command  
  116  31:36  Battlecruiser  
  122  31:46  Refinery  
  122  31:47  Refinery  
  122  31:57  Battlecruiser  
  128  32:21  Liberator x2  
  128  32:22  Liberator  
  102  33:15  Battlecruiser  
  99  33:23  Viking  
  92  33:37  Marine x2  
  92  33:38  Marine x6  
  94  33:42  Orbital Command  
  94  33:45  Viking x2  
  94  33:46  SCV x2  
Tags
 
Add a new tag
Caveats
  • Supply blocks, unpowered buildings, or Contaminate may cause inaccurate times.
  • Supply counts are checked every 10 seconds.